 Dungeon Crawl Stone Soup version 0.30.0-29-ga12c61a403 (webtiles) character file.

Game seed: 5959069461208730976

99900 Bnni the Earth Mage (level 16, -15/125 HPs)
             Began as a Formicid Earth Elementalist on June 21, 2023.
             Was the Champion of Cheibriados.
             Killed from afar by Arachne (41 damage)
             ... with a poison arrow
             ... on level 2 of the Spider Nest.
             The game lasted 01:09:51 (30443 turns).

Bnni the Earth Mage (Formicid Earth Elementalist)  Turns: 30443, Time: 01:09:52

Health: -15/125    AC: 35    Str: 29    XL:     16   Next: 77%
Magic:  22/30      EV:  9    Int: 37    God:    Cheibriados [******]
Gold:   3356       SH:  9    Dex: 29    Spells: 9/36 levels left

rFire   . . .        U - +10 whip "Pastrebb" {venom, rElec Will+}
rCold   + + .        T - +1 buckler {rC+}
rNeg    + . .        R - +2 crystal plate armour {rC+}
rPois   .            (helmet unavailable)
rElec   +            Q - +0 cloak
rCorr   .            S - +1 pair of gloves
SInv    +            K - +0 pair of boots
Will    ++...        V - amulet of regeneration Stlth
                     F - ring of positive energy
HPRegen 1.20/turn    y - +4 ring of protection
MPRegen 0.22/turn

%: no passive effects
@: lethally poisoned (-15 -> -21), very slow
A: permanent stasis, dig shafts and tunnels, antennae 3, four strong arms
a: Dig, Shaft Self, Renounce Religion, Bend Time, Temporal Distortion, Slouch,
Step From Time


You were on level 2 of the Spider Nest.
You worshipped Cheibriados.
Cheibriados was exalted by your worship.
You visited 4 branches of the dungeon, and saw 21 of its levels.
You also visited: Ice Cave.

You collected 4785 gold pieces.
You spent 1429 gold pieces at shops.

Inventory:

Hand Weapons
 G - the +9 war axe "Kuegil" {elec, *Noise rN++}
   (You found it on level 6 of the Dungeon)

   rN:        It greatly protects you from negative energy.
   *Noise:    It may make noises in combat.
 L - a +2 dagger of venom
 U - the +10 whip "Pastrebb" (weapon) {venom, rElec Will+}
   (You found it on level 4 of the Lair of Beasts)

   rElec:     It insulates you from electricity.
   Will:      It increases your willpower.
Missiles
 g - 13 poisoned darts
 B - a curare-tipped dart
Armour
 r - a +0 kite shield
 I - a +3 crystal plate armour
 K - a +0 pair of boots (worn)
 Q - a +0 cloak (worn)
 R - a +2 crystal plate armour of cold resistance (worn)
 S - a +1 pair of gloves (worn)
 T - a +1 buckler of cold resistance (worn)
Jewellery
 e - a ring of protection from cold
 j - a ring of protection from cold
 y - a +4 ring of protection (right hand)
 A - a ring of flight
 D - the ring of Yqakk {Wiz MP+9 Str+3}
   (You acquired it on level 1 of the Spider Nest)

   [ring of wizardry]

   It improves your spell success rate.
   Str:       It affects your strength (+3).
   MP:        It affects your magic capacity (+9).
 F - a ring of positive energy (left hand)
 V - an amulet of regeneration (around neck)
 W - a ring of magical power
Wands
 E - a wand of flame (43)
 N - a wand of paralysis (16)
Scrolls
 h - a scroll of silence
 i - a scroll of enchant weapon
 l - 5 scrolls of poison
 n - 4 scrolls of fog
 o - 5 scrolls of vulnerability
 p - a scroll of fear
 w - 8 scrolls of immolation
 H - 3 scrolls of magic mapping
 O - 3 scrolls of amnesia
Potions
 b - 2 potions of magic
 c - 7 potions of flight
 f - 5 potions of lignification {unknown}
 k - 3 potions of ambrosia {unknown}
 m - a potion of berserk rage {unknown}
 s - 2 potions of haste {unknown}
 t - 3 potions of resistance {unknown}
 u - 6 potions of curing
 x - 2 potions of invisibility {unknown}
 z - 3 potions of degeneration {unknown}
 C - 5 potions of mutation {unknown}
 J - 3 potions of brilliance {unknown}
 P - 2 potions of might {unknown}
Miscellaneous
 a - a condenser vane
 v - a box of beasts
 M - a phial of floods


   Skills:
 + Level 11.2 Fighting
 * Level 14.8 Armour
 - Level 4.3 Dodging
 - Level 2.4 Stealth
 + Level 8.0 Shields
 + Level 10.6 Spellcasting
 + Level 3.5 Conjurations
 * Level 2.8 Summonings
 * Level 5.8 Necromancy
 - Level 3.0 Transmutations
 * Level 17.4 Earth Magic
 - Level 13.0 Invocations


You had 9 spell levels left.
You knew the following spells:

 Your Spells              Type           Power      Damage    Failure   Level
a - Sandblast             Erth           100%       2d20      1%          1
b - Passwall              Tmut/Erth      63%        N/A       1%          2
c - Stone Arrow           Conj/Erth      100%       3d13      1%          3
d - Petrify               Tmut/Erth      76%        N/A       6%          4
f - Iron Shot             Conj/Erth      38%        9d8       63%         6
g - Animate Armour        Summ/Erth      100%       N/A       6%          4
h - Borgnjor's Vile Clut  Necr/Erth      40%        N/A       10%         5
s - Sublimation of Blood  Necr           58%        N/A       5%          2

Your spell library contained the following spells:

 Spells                   Type           Power      Damage    Failure   Level
 Necrotise                Necr           100%       1d9       3%          1
 Leda's Liquefaction      Hex/Erth       35%        N/A       11%         4
 Summon Small Mammal      Summ           100%       N/A       13%         1
 Shock                    Conj/Air       100%       1d9       19%         1
 Wereblood                Tmut           41%        N/A       19%         2
 Cigotuvi's Dreadful Rot  Necr/Pois/Air  68%        N/A       26%         2
 Momentum Strike          Conj/Tloc      64%        3d9       28%         2
 Call Canine Familiar     Summ           40%        N/A       36%         3
 Animate Dead             Necr           58%        N/A       36%         4
 Apportation              Tloc           38%        N/A       38%         1
 Dazzling Flash           Conj/Hex       64%        N/A       50%         3
 Lesser Beckoning         Tloc           38%        N/A       52%         2
 Ignite Poison            Fire/Tmut/Pois 27%        N/A       63%         3
 Portal Projectile        Hex/Tloc       38%        N/A       77%         3
 Teleport Other           Tloc           19%        N/A       77%         3
 Tukima's Dance           Hex            19%        N/A       77%         3
 Volatile Blastmotes      Fire/Tloc      38%        2d13      77%         3
 Iskenderun's Mystic Bla  Conj/Tloc      32%        2d8       88%         4
 Blade Hands              Tmut           20%        N/A       97%         5
 Airstrike                Air            9%         2d(2-18)  99%         4
 Passage of Golubria      Tloc           19%        N/A       99%         4
 Yara's Violent Unravell  Hex/Tmut       15%        3d8       99%         5
 Death Channel            Necr           29%        N/A       99%         6
 Freezing Cloud           Conj/Ice/Air   14%        6-21      100%        5
 Starburst                Conj/Fire      16%        6d6       100%        6
 Summon Hydra             Summ           20%        N/A       100%        7
 Blink                    Tloc           Unusable   N/A       N/A         2
 Swiftness                Air            Unusable   N/A       N/A         3

Dungeon Overview and Level Annotations

Branches:
Dungeon (12/15)            Temple (0/1) D:6            Lair (5/5) D:9
  Swamp (0/4) Lair:2       Spider (2/4) Lair:2        Slime (0/5) Lair:5
    Orc (2/2) D:9             Elf (0/3) Orc:2         IceCv (visited)

Altars:
Ashenzari
Cheibriados
Dithmenos
Elyvilon
Kikubaaqudgha
Makhleb
Nemelex Xobeh
Qazlal
Ru
Sif Muna
Trog
Uskayaw
Vehumet
Wu Jian
Xom
Zin
The Shining One
Jiyva

Shops:
D:4 ?   Orc:1 :   Orc:2 !*=[

Portals:
Pandemonium: Orc:2

Annotations:
Spider:2 Arachne


Innate Abilities, Weirdness & Mutations

You cannot be hasted, slowed, berserked, paralysed or teleported.
You can dig through walls and to a lower floor.
You have a pair of large antennae on your head. (SInv)
Your four strong arms can wield two-handed weapons with a shield.


Message History

The stream of webbing hits you but does no damage.
You are caught in a web!
Unknown command.
Aiming: Borgnjor's Vile Clutch (dangerous; 10% risk of failure)
Press: ? - help, Q - select action, (/) - cycle Shift-Dir - straight line, f - Arachne
Aim: Arachne, wielding a staff of poison (ally target, 100% to hit)
Zombie hands grab Arachne.
The zombie hands constrict Arachne.
Arachne hits you but does no damage. Arachne envenoms you!!
You are poisoned.
You are caught in a web!
Unknown command.
You are caught in a web!
Unknown command.
The web tears apart.
The zombie hands constrict Arachne!
You feel sick. You block Arachne's attack. x2
Unknown command.
You whack Arachne!
Arachne is lightly wounded.
The zombie hands constrict Arachne!
You feel sick.
You are no longer poisoned.
Arachne hits you with a staff of poison!!
Arachne envenoms you!
You are poisoned.
Arachne hits you but does no damage. Arachne envenoms you!!
You are more poisoned.
You hit Arachne.
Arachne is poisoned.
Arachne is lightly wounded.
The zombie hands constrict Arachne!!
You feel sick.
Arachne hits you with a staff of poison!
* * * LOW HITPOINT WARNING * * *
Arachne envenoms you!
* * * LOW HITPOINT WARNING * * *
You are more poisoned.
Unknown command.
You feel better.
The zombie hands constrict Arachne!!
Arachne casts a spell at you. The poison arrow hits you!!!
You are poisoned.
You die...

##...## #.....#
...... ..... ####...
^ ...#....^..{
.###......#H[#
.#..#.^...##@##
#.##...... #..####
#.##.....###.....###.
#.# #....##..........
#.# #...#.#.........#
#.# #.............##
#<# #..##.........#
#.# ##.###...........
#.###.## .........###


You could see Arachne (very poisoned, clutched, ally target) and a friendly
animated crystal plate armour (summoned).

Vanquished Creatures
  Saint Roka (Orc:2)
  A spark wasp (Spider:1)
  A dire elephant (Lair:5)
  2 fire dragons (Lair:5)
  An entropy weaver (Spider:1)
  Erolcha (D:11)
  Fannar (Orc:1)
  A catoblepas (Lair:4)
  3 demonspawn (Orc:2)
  A hydra (Lair:4)
  A radroach (Spider:1)
  4 two-headed ogres
  4 death yaks (Lair:4)
  4 boulder beetles
  Urug (Lair:3)
  10 orc high priests (Orc:2)
  A soul eater (Orc:2)
  A sun demon (Orc:2)
  3 skysharks
  A pharaoh ant (Lair:2)
  A swamp dragon (Lair:5)
  2 orb spiders (Spider:1)
  5 orc knights (Orc:2)
  A bog body (IceCv)
  A lindwurm (Lair:4)
  A necromancer (IceCv)
  6 oklob plants
  An ugly thing (IceCv)
  4 wolf spiders (Spider:1)
  3 cyclopes
  6 orc sorcerers (Orc:2)
  17 elephants
  2 torpor snails (Lair:5)
  Maurice (Orc:2)
  3 black mambas
  2 ice statues (IceCv)
  A gargoyle (D:10)
  5 cane toads
  14 rime drakes
  2 anaconda simulacra (IceCv)
  7 komodo dragons
  A freezing wraith (IceCv)
  5 ice devils (IceCv)
  11 polar bears
  7 trolls
  A hornet (D:10)
  3 raiju (Lair:5)
  A tarantella (Spider:1)
  A hellwing (Orc:2)
  10 blink frogs
  3 jumping spiders (Spider:1)
  3 slime creatures (D:12)
  A vampire (D:10)
  Sigmund (D:5)
  46 yaks
  3 dire elephant simulacra (IceCv)
  2 shadows
  2 wraiths
  7 culicivoras
  3 wyverns
  10 basilisks
  13 steam dragons
  5 redbacks (Spider:1)
  10 vampire mosquitoes (D:12)
  8 wargs
  5 harpy simulacra (IceCv)
  11 water moccasins
  34 orc warriors
  12 hell hounds (Lair:5)
  2 swamp drakes (Lair:5)
  A sky beast (D:7)
  14 black bears
  16 wolves
  8 ogres
  4 centaurs
  A phantom (D:5)
  2 kobold brigands
  17 bullfrogs
  A scorpion (D:9)
  8 killer bees
  2 howler monkeys
  3 electric eels
  3 hounds
  A gnoll bouda (D:6)
  2 jellies (D:5)
  30 orc priests
  4 iguanas
  19 orc wizards
  2 hell rats (Lair:3)
  A troll simulacrum (IceCv)
  11 gnolls
  5 adders
  A naga simulacrum (IceCv)
  10 river rats (Lair:3)
  2 shadow imps (D:6)
  2 white imps
  2 ufetubi
  A worm (D:2)
  4 dart slugs
  69 orcs
  2 ball pythons
  12 endoplasms
  3 giant cockroaches (D:1)
  5 goblins
  9 hobgoblins
  6 jackals
  16 kobolds
  2 quokkas (D:4)
  4 bats
  6 frilled lizards
  5 rats
665 creatures vanquished.

Vanquished Creatures (collateral kills)
  Asterion (Spider:1)
  A pharaoh ant (Spider:2)
  An orb spider (Spider:1)
  A wolf spider (Spider:2)
  2 steelbarb worms (Spider:1)
  3 demonic crawlers (Spider:1)
  A culicivora (Spider:1)
  6 jumping spiders (Spider:1)
  7 redbacks
23 creatures vanquished.

Vanquished Creatures (others)
  A steam dragon (Lair:5)
1 creature vanquished.

Grand Total: 689 creatures vanquished

Notes
Turn   | Place    | Note
-------+----------+-------------------------------------------
     0 | D:1      | Bnni the Formicid Earth Elementalist began the quest for
                  | the Orb.
     0 | D:1      | Reached XP level 1. HP: 13/13 MP: 3/3
   101 | D:1      | Reached XP level 2. HP: 10/19 MP: 1/5
   539 | D:1      | Reached skill level 4 in Earth Magic
   603 | D:1      | Reached XP level 3. HP: 25/25 MP: 4/6
   606 | D:1      | Learned a level 2 spell: Passwall
   610 | D:1      | Learned a level 3 spell: Stone Arrow
   738 | D:1      | Reached skill level 1 in Conjurations
  1231 | D:2      | Reached XP level 4. HP: 25/31 MP: 0/7
  1691 | D:2      | Found a faded altar of an unknown god.
  1695 | D:2      | Prayed at the altar of an unknown god.
  1695 | D:2      | Became a worshipper of Cheibriados the Contemplative
  1695 | D:2      | Reached * piety under Cheibriados
  1854 | D:3      | Reached skill level 1 in Fighting
  1854 | D:3      | Reached XP level 5. HP: 29/37 MP: 0/8
  2037 | D:3      | Found a broken altar of Ashenzari.
  2190 | D:3      | Found a burning altar of Makhleb.
  2265 | D:3      | Identified the +1 mace of Viny Innocence {antimagic, rElec
                  | Int+3}
  2507 | D:3      | Found a shimmering blue altar of Sif Muna.
  2574 | D:3      | Found an ancient bone altar of Kikubaaqudgha.
  2576 | D:3      | Reached skill level 1 in Invocations
  2588 | D:3      | Found a radiant altar of Vehumet.
  2682 | D:4      | Reached XP level 6. HP: 43/43 MP: 6/10
  2743 | D:4      | Learned a level 2 spell: Sublimation of Blood
  2841 | D:4      | Reached skill level 5 in Earth Magic
  2844 | D:4      | Reached ** piety under Cheibriados
  2944 | D:4      | Found a shadowy altar of Dithmenos.
  2983 | D:4      | Found Peotrodgh's Magic Scroll Boutique.
  2986 | D:4      | Bought a scroll of identify for 20 gold pieces
  3103 | D:4      | Found a large runed translucent door.
  3107 | D:4      | Found a large runed translucent door.
  3117 | D:4      | Found a sacrificial altar of Ru.
  3167 | D:4      | Found a sparkling altar of Nemelex Xobeh.
  3728 | D:5      | Entered Level 5 of the Dungeon
  3974 | D:5      | Noticed a black bear
  3979 | D:5      | Killed a black bear
  3980 | D:5      | Reached XP level 7. HP: 50/50 MP: 8/11
  4086 | D:5      | Noticed Sigmund
  4092 | D:5      | Killed Sigmund
  4176 | D:5      | Learned a level 4 spell: Petrify
  4223 | D:5      | Found a white marble altar of Elyvilon.
  4228 | D:5      | Reached skill level 6 in Earth Magic
  4542 | D:5      | Reached XP level 8. HP: 57/57 MP: 11/13
  4823 | D:6      | Reached *** piety under Cheibriados
  4839 | D:6      | Identified the +9 war axe "Kuegil" {elec, *Noise rN++}
  4948 | D:6      | Found a staircase to the Ecumenical Temple.
  5116 | D:6      | Reached skill level 7 in Earth Magic
  5159 | D:6      | Reached skill level 5 in Invocations
  5496 | D:7      | Found a stormy altar of Qazlal.
  5532 | D:7      | Found a glowing silver altar of Zin.
  5540 | D:7      | Reached skill level 1 in Armour
  5548 | D:7      | Reached **** piety under Cheibriados
  5799 | D:7      | Reached XP level 9. HP: 65/65 MP: 11/15
  6201 | D:8      | Reached skill level 8 in Earth Magic
  6466 | D:8      | Reached skill level 5 in Spellcasting
  6473 | D:8      | Reached XP level 10. HP: 34/73 MP: 1/17
  6845 | D:8      | Reached ***** piety under Cheibriados
  6846 | D:8      | Reached skill level 9 in Earth Magic
  7272 | D:9      | Noticed a cyclops
  7278 | D:9      | Killed a cyclops
  7279 | D:9      | Reached skill level 5 in Fighting
  7279 | D:9      | Reached skill level 5 in Armour
  7279 | D:9      | Reached skill level 1 in Shields
  7384 | D:9      | Found a shimmering altar of Xom.
  7547 | D:9      | Reached skill level 1 in Necromancy
  7610 | D:9      | Found a staircase to the Lair.
  7944 | D:9      | Found a staircase to the Orcish Mines.
  8016 | D:9      | Noticed a two-headed ogre
  8021 | D:9      | Killed a two-headed ogre
  8022 | D:9      | Reached skill level 10 in Earth Magic
  8145 | D:9      | Found a glowing golden altar of the Shining One.
  8348 | D:10     | Entered Level 10 of the Dungeon
  8504 | D:10     | Noticed a two-headed ogre
  8513 | D:10     | Killed a two-headed ogre
  8514 | D:10     | Reached XP level 11. HP: 39/81 MP: 15/19
  9127 | D:10     | Noticed a two-headed ogre
  9133 | D:10     | Killed a two-headed ogre
  9314 | D:11     | Noticed Erolcha
  9320 | D:11     | Killed Erolcha
  9983 | D:12     | Noticed a cyclops
  9988 | D:12     | Killed a cyclops
  9989 | D:12     | Reached skill level 11 in Earth Magic
 10127 | D:12     | Reached skill level 5 in Shields
 10127 | D:12     | Reached skill level 10 in Invocations
 10184 | D:12     | Reached ****** piety under Cheibriados
 10198 | D:12     | Reached XP level 12. HP: 89/89 MP: 18/21
 10441 | D:12     | Noticed a two-headed ogre
 10446 | D:12     | Killed a two-headed ogre
 10897 | Lair:1   | Entered Level 1 of the Lair of Beasts
 12148 | Lair:2   | Reached skill level 12 in Earth Magic
 12158 | Lair:2   | Found a frozen archway.
 12267 | IceCv    | Entered an ice cave
 13126 | IceCv    | Reached XP level 13. HP: 84/96 MP: 19/24
 13388 | IceCv    | Reached skill level 5 in Necromancy
 13913 | Lair:2   | Found a staircase to the Swamp.
 14081 | Lair:2   | Found an ornate altar of the Wu Jian Council.
 14084 | Lair:2   | Found a hide-covered altar of Uskayaw.
 14107 | Lair:2   | Reached skill level 10 in Armour
 14240 | Lair:2   | Found a hole to the Spider Nest.
 14305 | Lair:2   | Reached skill level 13 in Earth Magic
 15359 | Lair:3   | Noticed Urug
 15370 | Lair:3   | Killed Urug
 17254 | Lair:4   | Reached XP level 14. HP: 38/106 MP: 24/26
 17256 | Lair:4   | Reached skill level 14 in Earth Magic
 17559 | Lair:4   | Identified the +10 whip "Pastrebb" {venom, rElec Will+}
 18358 | Lair:4   | You fall into a shaft and drop 1 floor!
 18358 | Lair:5   | Entered Level 5 of the Lair of Beasts
 19993 | Lair:5   | Reached skill level 15 in Earth Magic
 20561 | Lair:5   | Noticed a dire elephant
 20573 | Lair:5   | Killed a dire elephant
 20931 | Lair:5   | Reached XP level 15. HP: 115/115 MP: 22/28
 21219 | Lair:5   | Reached skill level 10 in Fighting
 21790 | Lair:5   | Got Kytawost's Secrets of Dislocation
 22006 | Lair:5   | Found a viscous altar of Jiyva.
 22035 | Lair:5   | Found a staircase to the Slime Pits.
 22608 | Lair:5   | Reached skill level 16 in Earth Magic
 24119 | Orc:1    | Entered Level 1 of the Orcish Mines
 24119 | Orc:1    | Noticed Fannar
 24132 | Orc:1    | Killed Fannar
 24321 | Orc:2    | Entered Level 2 of the Orcish Mines
 24321 | Orc:2    | Found a radiant altar of Vehumet.
 24785 | Orc:2    | Reached skill level 10 in Spellcasting
 25561 | Orc:2    | Noticed Saint Roka
 25600 | Orc:2    | Killed Saint Roka
 25816 | Orc:2    | Noticed Maurice
 25831 | Orc:2    | Killed Maurice
 25909 | Orc:2    | Found a staircase to the Elven Halls.
 25994 | Orc:2    | Found Itirexon's Distillery.
 26183 | Orc:2    | Found Zegeusishra's General Store.
 26209 | Orc:2    | Bought a potion of heal wounds for 50 gold pieces
 26209 | Orc:2    | Bought a potion of curing for 30 gold pieces
 26209 | Orc:2    | Bought a potion of curing for 30 gold pieces
 26211 | Orc:2    | Bought a potion of curing for 45 gold pieces
 26320 | Orc:2    | Reached XP level 16. HP: 110/124 MP: 21/30
 27857 | Orc:2    | Reached skill level 17 in Earth Magic
 27946 | Orc:2    | Found Guskiwky's Antique Armour Shoppe.
 27946 | Orc:2    | Found Luzeri's Jewellery Emporium.
 27947 | Orc:2    | Found a one-way gate leading to the halls of Pandemonium.
 27951 | Orc:2    | Bought an amulet of regeneration for 390 gold pieces
 28510 | Orc:1    | Found Olunlon's Book Shop.
 28609 | Orc:1    | Bought a book of Unlife for 432 gold pieces
 28609 | Orc:1    | Bought a book of Iron for 432 gold pieces
 28614 | Orc:1    | Learned a level 4 spell: Animate Armour
 28620 | Orc:1    | Learned a level 5 spell: Borgnjor's Vile Clutch
 28627 | Orc:1    | Learned a level 6 spell: Iron Shot
 28697 | Orc:1    | Found a bloodstained altar of Trog.
 28879 | Spider:1 | Entered Level 1 of the Spider Nest
 29138 | Spider:1 | Reached skill level 1 in Summonings
 29156 | Spider:1 | Noticed Asterion
 29165 | Spider:1 | Killed Asterion
 29829 | Spider:1 | Identified 3 scrolls of acquirement
 29830 | Spider:1 | Acquired the ring of Yqakk {Wiz MP+9 Str+3}
 29842 | Spider:1 | Acquired 1028 gold pieces
 29844 | Spider:1 | Acquired 751 gold pieces
 30437 | Spider:2 | Noticed Arachne
 30443 | Spider:2 | Killed from afar by Arachne

Illustrated notes

Levels and vault maps discovered:
D:1:      dpeg_arrival_ternary, layout_loops_ring
D:2:      layout_rooms, hellmonk_ecumenical_altar_heavens_door,
          kennysheep_generic_room_3
D:3:      layout_basic, palyth_temple_overflow_mages,
          nicolae_ashenzari_panopticon, mainiacjoe_overflow_chevrons
D:4:      layout_layer_cave, mainiacjoe_overflow_concentric_impassable,
          jmf_multi_god_temple2, serial_shops, nicolae_shop_tiny_real_fake_doors
D:5:      layout_loops_corners, mainiacjoe_overflow_alcove_4, uniq_sigmund
D:6:      layout_rooms, minmay_temple_entry_from_below_a
D:7:      layout_loops_ring, nicolae_qazlal_scattered_showers,
          mainiacjoe_overflow_cross_hatched
D:8:      layout_loops_ring, hex_medium
D:9:      nicolae_cairo_tiling_large, layout_small_grid, xom_teletrap_fun,
          kennysheep_mini_moat, grunt_lair_entry_orc_guard_hut,
          serial_bayou_lagoon_a, grunt_ministairs_1
D:10:     layout_irregular_city
D:11:     layout_cave_pools, minivault_11, uniq_erolcha
D:12:     layout_loops_ring
Lair:1:   layout_hall_layers
Lair:2:   layout_small_grid, swamp_mist_pool,
          hellmonk_spider_entry_life_and_decay, portal_ice_cave_entry_pillars_2,
          nzn_masters_of_martial_movement
Lair:3:   layout_cave_pods, kennysheep_rathole, uniq_urug
Lair:4:   layout_long_grid
Lair:5:   guppyfry_lair_end_dragon, layout_loops_ring,
          hangedman_lair_caniforms_friends, minmay_slime_entry_oklob_enclosed,
          bobbens_dragon_lair_wall
Spider:1: layout_spider_delve, uniq_asterion
Spider:2: layout_chambers, guppyfry_hornet_nest,
          hangedman_spider_tarantella_strand, uniq_arachne
Orc:1:    layout_caves, serial_shops, shop_statue, david_defended_altar_orc,
          uniq_fannar
Orc:2:    pf_orc_diabolical, layout_caves, basic_altar, minmay_orc_temple_a,
          uniq_maurice, uniq_saint_roka

Skill      XL: |  1  2  3  4  5  6  7  8  9 10 11 12 13 14 15 16 |
---------------+-------------------------------------------------+-----
Earth Magic    | 4 5 6 7 8 10 11 12 13 15 16 17 | 17.4
Conjurations   | 1 2 3 |  3.5
Transmutations | 2 3 |  3.0
Fighting       | 1 2 3 4 5 6 7 8 9 10 11 | 11.2
Invocations    | 1 2 3 5 7 9 10 11 13 | 13.0
Spellcasting   | 3 4 5 6 7 8 9 10 | 10.6
Armour         | 2 4 6 7 9 11 12 14 | 14.8
Shields        | 3 5 7 8 |  8.0
Necromancy     | 2 3 4 5 |  5.8
Dodging        | 3 4 |  4.3
Summonings     | 2 |  2.8
Stealth        | |  2.4

Action                     |  1- 3 |  4- 6 |  7- 9 | 10-12 | 13-15 | 16-18 || total
---------------------------+-------+-------+-------+-------+-------+-------++-------
  Melee: Unarmed           |    15 |       |       |       |       |       ||    15
         Whip              |     5 |    30 |       |       |   624 |   200 ||   859
         War axe           |       |       |    18 |   170 |    97 |     6 ||   291
  Throw: Dart              |       |     3 |       |     1 |     2 |     5 ||    11
   Cast: Sandblast         |    53 |    69 |    94 |   168 |   354 |    46 ||   784
         Stone Arrow       |       |       |       |       |    66 |    27 ||    93
         Passwall          |       |       |       |       |     1 |       ||     1
         Petrify           |       |       |       |       |     2 |       ||     2
         Borgnjor's Vile C |       |       |       |       |       |    22 ||    22
         Animate Armour    |       |       |       |       |       |    15 ||    15
         Sublimation of Bl |       |       |       |       |       |     1 ||     1
 Invoke: Slouch            |       |       |       |     3 |    15 |     1 ||    19
         Bend Time         |       |       |       |       |     3 |     1 ||     4
         Step From Time    |       |       |       |       |     1 |       ||     1
Ability: Dig               |       |       |     1 |       |    13 |       ||    14
         Shaft Self        |       |       |       |       |     1 |       ||     1
  Evoke: Phial of floods   |       |       |       |     1 |     1 |       ||     2
         Wand              |       |       |       |       |     4 |     3 ||     7
         Box of beasts     |       |       |       |       |     1 |       ||     1
    Use: Scroll            |       |     4 |     1 |     8 |     9 |     4 ||    26
         Potion            |       |       |       |     4 |     5 |     3 ||    12
   Stab: Sleeping          |     1 |       |       |       |       |       ||     1
         Petrified         |       |       |       |       |    10 |       ||    10
         Petrifying        |       |       |       |       |     2 |       ||     2
         Distracted        |       |       |       |       |       |     1 ||     1
 Armour: Robe              |     4 |     2 |       |       |       |       ||     6
         Leather armour    |       |     4 |       |       |       |       ||     4
         Ring mail         |       |    19 |    58 |     5 |       |       ||    82
         Crystal plate arm |       |       |       |   367 |  1127 |   312 ||  1806
  Dodge: Dodged            |    35 |    40 |    74 |   120 |   422 |   174 ||   865
  Block: Buckler           |       |       |       |   152 |   592 |   209 ||   953
